 Dungeon Crawl Stone Soup version 0.29.1-15-g9cfb28693d (webtiles) character file.

Game seed: 7573212236603843920

4111 BuddhaDhamma the Severer (level 10, -7/77 HPs)
             Began as a Minotaur Berserker on Mar 18, 2023.
             Was an Elder of Trog.
             Killed from afar by an electric eel (11 damage)
             ... with a bolt of electricity
             ... on level 8 of the Dungeon.
             The game lasted 00:14:34 (7864 turns).

BuddhaDhamma the Severer (Minotaur Berserker)       Turns: 7864, Time: 00:14:34

Health: -7/77      AC: 18    Str: 31    XL:     10   Next: 6%
Magic:  18/18      EV:  5    Int:  4    God:    Trog [****..]
Gold:   340        SH:  7    Dex:  9    Spells: 9/9 levels left

rFire   . . .      SeeInvis .   a - +1 hand axe
rCold   . . .      Faith    .   n - +0 buckler
rNeg    . . .      Spirit   .   b - +0 crystal plate armour of Feisuu {MP+9}
rPois   .          Reflect  +   (helmet restricted)
rElec   .          Harm     .   E - +0 cloak
rCorr   .          Rampage  .   p - +0 pair of gloves
Will    .....                   m - +0 pair of boots "Ziur" {Str+4}
Stlth   ..........              w - amulet of reflection
HPRegen 0.22/turn               (no ring)
MPRegen 0.16/turn               (no ring)

@: no status effects
A: horns 2, retaliatory headbutt
a: Renounce Religion, Berserk, Trog's Hand, Brothers in Arms


You were on level 8 of the Dungeon.
You worshipped Trog.
Trog was greatly pleased with you.
You visited 1 branch of the dungeon, and saw 8 of its levels.
You also visited: Sewer.

You collected 578 gold pieces.
You spent 238 gold pieces at shops.

Inventory:

Hand Weapons
 a - a +1 hand axe (weapon)
Missiles
 c - 20 poisoned darts (quivered)
 t - a throwing net
Armour
 b - the +0 crystal plate armour of Feisuu (worn) {MP+9}
   (You acquired it on level 4 of the Dungeon)

   MP:        It affects your magic capacity (+9).
 m - the +0 pair of boots "Ziur" (worn) {Str+4}
   (You bought it in a shop on level 6 of the Dungeon)

   Str:       It affects your strength (+4).
 n - a +0 buckler (worn)
 p - a +0 pair of gloves (worn)
 E - a +0 cloak (worn)
Jewellery
 i - a ring of protection from fire
 s - a ring of ice
 u - a ring of resist corrosion
 w - an amulet of reflection (around neck)
 y - a ring of fire
Wands
 d - a wand of polymorph (10)
 o - a wand of mindburst (9)
 v - a wand of roots (15)
Scrolls
 f - 2 scrolls of amnesia
 h - 4 scrolls of teleportation
 k - a scroll of identify
 x - 4 scrolls of enchant weapon
 z - a scroll of magic mapping
 F - a scroll of summoning
Potions
 e - 4 potions of curing
 g - 3 potions of flight
 j - a potion of mutation
 l - 3 potions of lignification
 q - 5 potions of heal wounds
 r - 2 potions of degeneration
 A - a potion of berserk rage
 B - 3 potions of brilliance
 C - a potion of ambrosia
 D - 3 potions of attraction


   Skills:
 - Level 3.6 Fighting
 + Level 17.2 Axes
 - Level 2.4 Armour
 - Level 2.1 Dodging


You had 9 spell levels left.
You didn't know any spells.
Your spell library was empty.

Dungeon Overview and Level Annotations

Branches:
Dungeon (8/15)             Temple (0/1) D:4           Sewer (visited)
   Lair: D:8-11

Altars:
Cheibriados
Dithmenos
Fedhas
Zin
The Shining One

Shops:
D:6 [


Innate Abilities, Weirdness & Mutations

You have a pair of horns on your head.
You reflexively headbutt those who attack you in melee.


Message History

Aiming: Polymorph
Press: ? - help, Shift-Dir - straight line, f - electric eel
Aim: an electric eel (water, wandering, hasn't noticed you, will become a killer bee, a swamp drake, or a frilled lizard, chance to affect: 57%)
The electric eel resists with significant effort.
The electric eel shoots out a bolt of lightning at you!
The bolt of electricity hits you!
The electric eel shoots out a bolt of lightning at you!
The bolt of electricity misses you. The bolt of electricity hits you.
The electric eel shoots out a bolt of lightning at you!
The bolt of electricity misses you.
An electric eel comes into view. x2
The electric eel shoots out a bolt of lightning at you!
The bolt of electricity hits you.
The electric eel shoots out a bolt of lightning at you!
The bolt of electricity hits you!
The electric eel shoots out a bolt of lightning at you!
The bolt of electricity hits you but does no damage.
The electric eel shoots out a bolt of lightning at you!
The bolt of electricity hits the electric eel.
The electric eel completely resists.
The bolt of electricity hits you!
The electric eel shoots out a bolt of lightning at you!
The bolt of electricity hits the electric eel.
The electric eel completely resists.
The bolt of electricity hits you but does no damage.
The electric eel shoots out a bolt of lightning at you!
The bolt of electricity hits you!
The electric eel shoots out a bolt of lightning at you!
The bolt of electricity hits you. x2
The electric eel shoots out a bolt of lightning at you!
The bolt of electricity hits you!
* * * LOW HITPOINT WARNING * * *
The electric eel shoots out a bolt of lightning at you!
The bolt of electricity misses the electric eel.
The bolt of electricity hits you.
* * * LOW HITPOINT WARNING * * *
The electric eel shoots out a bolt of lightning at you!
The bolt of electricity hits you!
* * * LOW HITPOINT WARNING * * *
The bolt of electricity hits you!
You die...

~≈S~.~~~....####...#######
≈≈≈~.≈≈≈≈...# #...#
≈≈.S.~≈≈~~..# #...#
≈~.~.~≈~≈~..# #.))# .
.~.~.~S..~~.## #...#
...............###...#######
............................
##..###..##.###..........###
#........##@.#.....†..†..###
..~~~....##.#...#.^........#
~≈~≈~≈~..##.#...##.......#.#
~≈≈≈≈~≈~........##.......#.#
~~~~≈≈≈≈~.#.#.#.............
≈~P.P~~≈~...#......#.#####.#
~..♣♣.~≈~~....####...# #.#
~< _.>~≈≈~.##.#####.### #.#
~ ...P≈~~~............# #.#


You could see an electric eel.

Vanquished Creatures
  Joseph (D:7)
  The ghost of boopmooplesden the Chopper, a novice MiFi of Trog (D:5)
  A troll (D:8)
  Grinder (D:3)
  Sigmund (D:2)
  A vampire (D:7)
  A wyvern (D:8)
  A wraith (D:8)
  Menkaure (D:7)
  Duvessa (D:5)
  An orc warrior (D:7)
  2 centaurs
  A wolf (D:8)
  2 ogres
  2 kobold brigands (D:6)
  A necrophage (D:4)
  3 bullfrogs
  A scorpion (D:7)
  Dowan (D:5)
  3 killer bees (D:8)
  2 howler monkeys
  6 hounds
  5 jellies
  3 orc priests
  Crazy Yiuf (D:4)
  A gnoll bouda (D:4)
  2 iguanas (D:4)
  Terence (D:3)
  5 orc wizards
  11 adders
  8 gnolls
  3 white imps
  An ufetubus (D:5)
  5 worms
  5 dart slugs
  14 orcs
  10 ball pythons
  5 endoplasms
  16 giant cockroaches
  6 goblins
  10 hobgoblins
  5 quokkas
  4 bats
  17 frilled lizards
  15 kobolds
  6 rats
194 creatures vanquished.

Vanquished Creatures (others)
  An orc wizard (D:8)
  A worm (D:4)
  3 fungi (D:4)
  A plant (D:8)
6 creatures vanquished.

Grand Total: 200 creatures vanquished

Notes
Turn   | Place    | Note
-------+----------+-------------------------------------------
     0 | D:1      | BuddhaDhamma the Minotaur Berserker began the quest for the
                  | Orb.
     0 | D:1      | Reached XP level 1. HP: 19/19 MP: 0/0
   103 | D:1      | Reached skill level 4 in Axes
   215 | D:1      | Reached XP level 2. HP: 26/26 MP: 1/1
   601 | D:1      | Reached skill level 5 in Axes
   846 | D:2      | Reached XP level 3. HP: 31/31 MP: 2/2
   846 | D:2      | Found a faded altar of an unknown god.
   852 | D:2      | Reached ** piety under Trog
   968 | D:2      | Noticed Sigmund
   981 | D:2      | HP: 1/31 [Sigmund/+0 scythe (1)]
   982 | D:2      | Killed Sigmund
   983 | D:2      | Reached skill level 7 in Axes
   983 | D:2      | Reached XP level 4. HP: 2/39 MP: 3/3
   983 | D:2      | Reached XP level 5. HP: 2/45 MP: 4/4
  1363 | D:2      | Identified the +0 ring mail of Yttygruh {-Cast rN++ Str+5}
  1889 | D:3      | Reached skill level 8 in Axes
  2068 | D:3      | Reached XP level 6. HP: 45/51 MP: 5/5
  2199 | D:3      | Noticed Terence
  2208 | D:3      | Killed Terence
  2324 | D:3      | Noticed Grinder
  2335 | D:3      | Paralysed by Grinder for 5 turns
  2341 | D:3      | Killed Grinder
  2342 | D:3      | Reached skill level 9 in Axes
  2713 | D:4      | Reached XP level 7. HP: 33/57 MP: 6/6
  2994 | D:4      | Reached skill level 10 in Axes
  3160 | D:4      | Found a glowing drain.
  3167 | D:4      | Reached *** piety under Trog
  3181 | Sewer    | Entered a sewer
  3396 | Sewer    | Reached skill level 11 in Axes
  3690 | D:4      | Found a staircase to the Ecumenical Temple.
  4029 | D:4      | Reached XP level 8. HP: 55/64 MP: 7/7
  4150 | D:4      | Found a runed translucent door.
  4151 | D:4      | Noticed Crazy Yiuf
  4157 | D:4      | Killed Crazy Yiuf
  4301 | D:4      | Identified a scroll of acquirement
  4301 | D:4      | Acquired the +0 crystal plate armour of Feisuu {MP+9}
  4390 | D:5      | Entered Level 5 of the Dungeon
  4446 | D:5      | Reached **** piety under Trog
  4456 | D:5      | Found a snail-covered altar of Cheibriados.
  4471 | D:5      | Reached skill level 12 in Axes
  4646 | D:5      | Noticed Dowan
  4649 | D:5      | Noticed Duvessa
  4657 | D:5      | Killed Dowan
  4669 | D:5      | Killed Duvessa
  4703 | D:5      | Found a shadowy altar of Dithmenos.
  4857 | D:5      | Found a runed translucent gate.
  4857 | D:5      | Found a runed translucent gate.
  4859 | D:5      | Found a runed translucent gate.
  4861 | D:5      | Noticed boopmooplesden's ghost (novice MiFi)
  5026 | D:5      | Killed boopmooplesden's ghost
  5027 | D:5      | Reached skill level 13 in Axes
  5407 | D:6      | Reached skill level 14 in Axes
  5571 | D:6      | Found Buiroosu's Armour Shop.
  5576 | D:6      | Bought the +0 pair of boots "Ziur" {Str+4} for 238 gold
                  | pieces
  5642 | D:6      | Found a glowing golden altar of the Shining One.
  5700 | D:6      | Reached XP level 9. HP: 58/70 MP: 8/8
  6351 | D:7      | Noticed Joseph
  6360 | D:7      | Killed Joseph
  6361 | D:7      | Reached skill level 15 in Axes
  6590 | D:7      | Noticed Menkaure
  6598 | D:7      | Killed Menkaure
  6895 | D:7      | Found a glowing silver altar of Zin.
  7049 | D:7      | Reached skill level 16 in Axes
  7684 | D:8      | Noticed a troll
  7692 | D:8      | Killed a troll
  7693 | D:8      | Reached skill level 17 in Axes
  7693 | D:8      | Reached XP level 10. HP: 77/77 MP: 9/9
  7767 | D:8      | Found a blossoming altar of Fedhas.
  7864 | D:8      | Killed from afar by an electric eel

Illustrated notes

Levels and vault maps discovered:
D:1:      lightli_molten_gateway, layout_basic
D:2:      layout_loops_ring, chequers_ecumenical_altar_twisty, uniq_sigmund
D:3:      layout_rooms, uniq_terence, uniq_grinder
D:4:      layout_rooms, minmay_temple_entry_trees, portal_sewer_entry_b,
          uniq_crazy_yiuf_cottage
D:5:      layout_basic, overflow_temple_1_default, amcnicky_altar_gilded,
          ebering_ghost_rock_garden, uniq_duvessa
D:6:      layout_loops_ring, lemuel_crystal_altar, serial_shops,
          nicolae_shop_crystal
D:7:      layout_loops_ring, mainiacjoe_overflow_alcove_1, supply_closet_lemuel,
          uniq_menkaure, uniq_joseph
D:8:      layout_loops_cross, fedhas_ov_isle_minmay, erik_lair_island,
          amcnicky_mini_rare_corridor_liquid

Skill      XL: |  1  2  3  4  5  6  7  8  9 |
---------------+----------------------------+-----
Axes           | 4 5 7 8 9 11 14 17 | 17.2
Fighting       | |  3.6
Armour         | |  2.4
Dodging        | |  2.1

Action                   |  1- 3 |  4- 6 |  7- 9 | 10-12 || total
-------------------------+-------+-------+-------+-------++-------
Melee: Hand axe          |    61 |    76 |   380 |    18 ||   535
       Headbutt          |     6 |    12 |    71 |     5 ||    94
Throw: Dart              |    17 |     2 |       |       ||    19
Invok: Berserk           |     1 |     3 |     6 |       ||    10
Evoke: Wand              |       |       |       |     1 ||     1
  Use: Scroll            |       |       |    21 |       ||    21
Armor: Animal skin       |    12 |       |       |       ||    12
       Ring mail         |       |    30 |    35 |       ||    65
       Crystal plate arm |       |       |   130 |    10 ||   140
Dodge: Dodged            |    35 |    37 |    77 |     4 ||   153
Block: Buckler           |     1 |    11 |   115 |     3 ||   130
       Reflection        |       |       |     7 |       ||     7
